AoeStats
← DS_Kvothe

Arabia

509700481Analyzed
1v1 RM · 4d ago on Sep 27, 2026· 40m 5s· 2 players
Game mode
Random Map
Map size
Tiny (2 player)
Population
200
Speed
Normal
Resources
Standard
Victory
Conquest
Starting age
Dark Age
Ending age
Imperial Age
RankedLock teamsTeams togetherTeam positionsShared explorationLock speedFull tech treeHidden civsTurbo modeCheats
Victory
Defeat
🇪🇸 Burmese · Spain
2412
+2
🇦🇷 Chinese · Argentina
1933
-2
DS_Kvothe
0:26 Loom
8:55 Feudal Age
10:28 Double-Bit Axe
15:30 Fletching
20:36 Castle Age
18:47 Horse Collar
20:44 Gold Mining
21:46 Bow Saw
21:32 Bodkin Arrow
20:58 Crossbowman
23:05 Wheelbarrow
24:13 Scale Mail Armor
24:23 Forging
24:38 Squires
27:37 Thumb Ring
28:48 Heavy Plow
34:30 Imperial Age
32:04 Padded Archer Armor
32:20 Chain Mail Armor
32:40 Iron Casting
33:06 Hand Cart
32:36 Town Watch
34:20 Ballistics
35:07 Elite Fire Lancer
36:52 Bracer
37:24 Plate Mail Armor
37:54 Blast Furnace
38:00 Chemistry
38:04 Stone Mining
_Tomate
6:37 Loom
8:50 Feudal Age
8:53 Man-at-Arms
19:29 Castle Age
17:21 Gold Mining
17:41 Fletching
18:16 Padded Archer Armor
18:33 Horse Collar
20:14 Bodkin Arrow
19:40 Elite Skirmisher
22:55 Wheelbarrow
22:06 Town Watch
27:17 Husbandry
29:39 Ballistics
29:52 Stone Mining
33:00 Imperial Age
30:43 Heavy Plow
31:03 Hand Cart
31:02 Stone Mining
31:40 Bloodlines
32:00 Devotion
32:22 Masonry
31:41 Light Cavalry
33:25 Scale Barding Armor
33:50 Bracer
35:11 Hussar
36:39 Conscription
36:48 Chain Barding Armor
36:39 Forging
37:08 Crop Rotation
37:16 Parthian Tactics
37:05 Elite Arambai
40:56 Iron Casting
40:56 Plate Barding Armor
Connection lost

Rejoining the realm…

Still unreachable

The connection could not be restored.

Session expired

The server has moved on; the page needs a fresh start.